 Dungeon Crawl Stone Soup version 0.25.1-2-g60ff931df9 (webtiles) character file.

Game seed: 1581469094430078277

39177 Gunterle the Transmogrifier (level 14, -2/94 HPs)
             Began as a Merfolk Transmuter on Oct 10, 2020.
             Was a High Priest of Hepliaklqana.
             Slain by a spiny frog (7 damage)
             ... while petrified by a basilisk
             ... on level 1 of the Lair of Beasts on Oct 12, 2020.
             The game lasted 02:06:27 (28437 turns).

Gunterle the Transmogrifier (Merfolk Transmuter)   Turns: 28437, Time: 02:06:27

Health: -2/94      AC:  6    Str: 10    XL:     14   Next: 5%
Magic:  25/25      EV:  2    Int: 18    God:    Hepliaklqana [*****.]
Gold:   224        SH:  0    Dex: 16    Spells: 4/28 levels left

rFire    . . .     SeeInvis .     - Unarmed
rCold    . . .     Gourm    .   (no shield)
rNeg     + + +     Faith    .   u - +1 robe "Gejiniun" {rPois Regen+ Dex+2}
rPois    ∞         Spirit   .   Z - +1 helmet
rElec    .         Reflect  .   (no cloak)
rCorr    .         Harm     .   x - +0 pair of gloves
MR       +....                  (no boots)
Stlth    +.........             (no amulet)
HPRegen  0.65/turn              p - ring of poison resistance
MPRegen  0.19/turn              I - ring of wizardry

@: petrified
A: change form in water, swift swim, stealthy swim, reduced essence
a: Recall Ancestor, Ancestor Identity, Transference, Idealise, Renounce Religion


You were on level 1 of the Lair of Beasts.
You worshipped Hepliaklqana.
Hepliaklqana was extremely pleased with you.
You were not hungry.

You visited 4 branches of the dungeon, and saw 16 of its levels.

You collected 2069 gold pieces.
You spent 1845 gold pieces at shops.

Inventory:

Missiles
 b - 16 boomerangs of dispersal
 e - 36 poisoned darts (quivered)
 f - 35 boomerangs
 h - 7 javelins
 i - 7 curare-tipped darts
 v - 7 silver boomerangs
 z - 3 throwing nets
 E - 242 arrows
Armour
 u - the +1 robe "Gejiniun" (worn) {rPois Regen+ Dex+2}
   (You bought it in a shop on level 2 of the Orcish Mines)

   It affects your dexterity (+2).
   It protects you from poison.
   It increases your rate of regeneration.
 x - a +0 pair of gloves (worn)
 H - a +3 leather armour of magic resistance
 J - +2 steam dragon scales
 Q - a +2 robe of cold resistance
 T - a +0 troll leather armour
 V - the +2 ring mail of the Heavens {rElec}
   (You found it on level 11 of the Dungeon)

   It insulates you from electricity.
 Z - a +1 helmet (worn)
Jewellery
 p - a ring of poison resistance (left hand)
 C - an uncursed ring of flight
 F - an uncursed ring of resist corrosion
 I - a ring of wizardry (right hand)
 W - an uncursed ring of protection from cold
Wands
 s - a wand of flame (27)
Scrolls
 c - 4 scrolls of immolation
 g - 4 scrolls of magic mapping
 n - 13 scrolls of remove curse
 o - 4 scrolls of fog
 t - a scroll of fear
 y - a scroll of teleportation
 P - a scroll of random uselessness
Potions
 a - 2 potions of curing
 j - 2 potions of stabbing
 k - 2 potions of haste
 l - a potion of heal wounds
 m - 3 potions of brilliance
 q - a potion of invisibility
 r - 3 potions of flight
 w - a potion of lignification
 O - a potion of ambrosia
 X - 2 potions of magic
 Y - a potion of resistance
Miscellaneous
 S - a tin of tremorstones (2/3)
Comestibles
 d - 20 rations


   Skills:
 + Level 8.0 Fighting
 + Level 3.3 Armour
 + Level 9.7 Dodging
 * Level 11.4 Unarmed Combat
 + Level 7.5 Spellcasting
 + Level 14.8 Transmutations
 + Level 0.4 Fire Magic
 - Level 6.9 Ice Magic
 + Level 6.5 Poison Magic
 + Level 7.6 Invocations
 - Level 5.0 Evocations


You had 4 spell levels left.
You knew the following spells:

 Your Spells              Type           Power        Failure   Level  Hunger
a - Beastly Appendage     Tmut           ######       0%          1    None
b - Sticks to Snakes      Tmut           ######..     1%          2    None
c - Spider Form           Tmut/Pois      #####.....   1%          3    #......
d - Blade Hands           Tmut           ######....   1%          5    #####..
e - Ice Form              Ice/Tmut       #####...     1%          4    ###....
f - Ignite Poison         Fire/Tmut/Pois ####....     1%          3    #......
g - Eringya's Noxious Bo  Tmut/Pois      #####.....   8%          6    ######.

Your spell library contained the following spells:

 Spells                   Type           Power        Failure   Level  Hunger
 Petrify                  Tmut/Erth      ####....     1%          4    ###....
 Ozocubu's Armour         Chrm/Ice       ###.....     3%          3    #......
 Animate Skeleton         Necr           N/A          4%          1    None
 Infusion                 Chrm           #...         4%          1    None
 Magic Dart               Conj           #...         4%          1    None
 Pain                     Necr           #...         4%          1    None
 Summon Small Mammal      Summ           #...         4%          1    None
 Blink                    Tloc           N/A          6%          2    None
 Call Imp                 Summ           #.......     6%          2    None
 Searing Ray              Conj           #.....       6%          2    None
 Shroud of Golubria       Chrm/Tloc      #.....       6%          2    None
 Song of Slaying          Chrm           #.......     6%          2    None
 Sublimation of Blood     Necr           #.........   6%          2    None
 Summon Ice Beast         Ice/Summ       ###.....     10%         4    ###....
 Call Canine Familiar     Summ           #.......     12%         3    #......
 Dazzling Flash           Conj/Hex       #.....       12%         3    #......
 Gell's Gravitas          Tloc           #.........   12%         3    #......
 Lesser Beckoning         Tloc           #.........   12%         3    #......
 Spectral Weapon          Hex/Chrm       #.......     12%         3    #......
 Summon Guardian Golem    Hex/Summ       #.......     12%         3    #......
 Teleport Other           Tloc           #.......     12%         3    #......
 Vampiric Draining        Necr           #.........   12%         3    #......
 Animate Dead             Necr           N/A          38%         4    ###....
 Fulminant Prism          Conj/Hex       #.........   38%         4    ###....
 Iskenderun's Mystic Bla  Conj/Tloc      #.......     38%         4    ###....
 Passage of Golubria      Tloc           N/A          38%         4    ###....
 Summon Lightning Spire   Summ/Air       #.......     38%         4    ###....
 Alistair's Intoxication  Tmut/Pois      #####...     1%          5    #####..
 Irradiate                Conj/Tmut      ####......   6%          5    #####..
 Agony                    Necr           #.......     71%         5    #####..


Dungeon Overview and Level Annotations

Branches:
Dungeon (12/15)            Temple (1/1) D:4            Lair (1/6) D:9
    Orc (2/2) D:12            Elf (0/3) Orc:2

Altars:
Ashenzari
Cheibriados
Dithmenos
Elyvilon
Fedhas
Gozag
Hepliaklqana
Kikubaaqudgha
Makhleb
Nemelex Xobeh
Okawaru
Qazlal
Ru
Sif Muna
Trog
Uskayaw
Vehumet
Wu Jian
Xom
Yredelemnul
Zin
The Shining One
Beogh

Shops:
D:4 %   D:5 %   Orc:2 ([*:

Annotations:
D:9 3 runed translucent doors, execc's ghost, novice OpBe; teukkam's ghost, amateur TrMo


Message History

You punch the basilisk!
You kill the basilisk!
Your limbs are stiffening.
Unknown command.
You feel better.
You have turned to stone.
The spiny frog seems less confused.
The spiny frog stings you. The spiny frog stings you!
* * * LOW HITPOINT WARNING * * *
The spiny frog stings you!
* * * LOW HITPOINT WARNING * * *
The spiny frog stings you!!
* * * LOW HITPOINT WARNING * * *
The spiny frog stings you!!
* * * LOW HITPOINT WARNING * * *
The spiny frog stings you but does no damage.
The spiny frog stings you.
* * * LOW HITPOINT WARNING * * *
The spiny frog stings you!
You die...

....# ##.........#
....#
#..........#..>.
##.........#.#P.
#............. .
#..#....^.... ..
....#......#.##...
#.####.....#.....+
# #...........#
##...@F.....#.
#####........
#..#P..###. .....
....... .......
....... .......
....... #######
####.## ##


You could see a spiny frog.

Vanquished Creatures
  An orc warlord (Orc:2)
  Josephine (D:11)
  Fannar (D:11)
  A centaur warrior (D:12)
  Erica (D:8)
  3 orc high priests (Orc:2)
  A two-headed ogre (D:11)
  A shock serpent (Orc:2)
  Sonja (Orc:1)
  5 orc knights
  An ugly thing (D:12)
  5 orc sorcerers
  A cyclops (Orc:1)
  Joseph (D:7)
  A black mamba (Lair:1)
  A centaur skeleton (D:12)
  5 trolls
  A merfolk (D:11)
  2 hippogriffs (D:11)
  A spriggan (D:10)
  3 water elementals (D:11)
  2 wyverns
  19 yaks
  4 wraiths (D:11)
  A basilisk (Lair:1)
  A hog (D:11)
  7 vampire mosquitoes (D:12)
  A hungry ghost (D:12)
  A porcupine (D:9)
  A water moccasin (D:7)
  31 orc warriors
  2 phantoms
  2 ice beasts
  5 black bears (D:11)
  5 ogres
  10 centaurs
  6 big kobolds
  6 bullfrogs
  4 scorpions
  2 hexers
  4 wights (D:11)
  3 howler monkeys
  4 electric eels (D:11)
  2 bullfrog zombies
  2 crimson imps
  A centaur zombie (D:12)
  A jelly (D:10)
  11 orc priests
  A bullfrog skeleton (D:11)
  A hound (D:10)
  32 orc wizards
  An iguana (D:9)
  8 worker ants
  A killer bee zombie (D:9)
  6 ogre zombies (D:12)
  A hound skeleton (D:4)
  A howler monkey zombie (D:11)
  5 gnolls
  11 adders
  3 shadow imps
  An ooze (D:1)
  2 adder skeletons (D:7)
  A worm (D:2)
  5 dart slugs
  4 leopard geckos
  68 orcs
  3 ball pythons
  3 giant cockroaches
  9 goblins
  11 hobgoblins
  9 jackals
  14 kobolds
  3 quokkas
  7 bats
  10 frilled lizards
  A goblin skeleton (D:12)
  4 goblin zombies (D:12)
  2 hobgoblin zombies (D:12)
  A leopard gecko skeleton (D:7)
  4 orc skeletons (D:12)
  11 orc zombies (D:12)
  9 rats
429 creatures vanquished.

Vanquished Creatures (collateral kills)
  Gastronok (D:8)
  Snorg (D:11)
  Harold (D:7)
  2 two-headed ogres
  An orc high priest (Orc:2)
  An orc knight (Orc:1)
  Maggie (D:7)
  Prince Ribbit (D:7)
  A hippogriff (D:7)
  6 yaks
  3 hungry ghosts
  6 orc warriors
  An ice beast (D:12)
  3 black bears (D:11)
  A necrophage (D:12)
  2 phantoms
  2 sky beasts
  A big kobold (D:10)
  A gnoll sergeant (D:6)
  3 bullfrogs (D:11)
  A wyvern skeleton (D:9)
  2 scorpions
  A water moccasin skeleton (D:6)
  A wight (D:11)
  A howler monkey (D:11)
  A crimson imp (D:5)
  A quasit (D:11)
  3 orc priests
  5 hounds
  2 jellies
  7 orc wizards
  2 iguanas
  A worker ant (D:11)
  2 ogre zombies (D:12)
  A hound zombie (D:9)
  A hound skeleton (D:7)
  3 gnolls (D:6)
  4 adders
  A shadow imp (D:7)
  An adder zombie (D:5)
  A dart slug (D:5)
  A leopard gecko (D:6)
  21 orcs
  A giant cockroach (D:2)
  2 goblins
  A hobgoblin (D:11)
  2 quokkas
  A goblin zombie (D:12)
  A hobgoblin skeleton (D:12)
  A jackal zombie (D:6)
  2 kobolds (D:10)
  An orc skeleton (D:12)
115 creatures vanquished.

Vanquished Creatures (others)
  6 yaks (Lair:1)
  A bullfrog (Lair:1)
  12 hexers
  A fungus (D:9)
  2 plants (D:11)
22 creatures vanquished.

Grand Total: 566 creatures vanquished

Notes
Turn   | Place    | Note
-------+----------+-------------------------------------------
     0 | D:1      | Gunterle the Merfolk Transmuter began the quest for the
                  | Orb.
     0 | D:1      | Reached XP level 1. HP: 15/15 MP: 3/3
   189 | D:1      | Reached skill level 3 in Transmutations
   195 | D:1      | Reached XP level 2. HP: 13/21 MP: 3/5
   401 | D:1      | Learned a level 2 spell: Sticks to Snakes
  1016 | D:1      | Reached XP level 3. HP: 26/26 MP: 4/6
  1021 | D:1      | Learned a level 3 spell: Spider Form
  1889 | D:2      | Reached skill level 1 in Poison Magic
  2090 | D:2      | Noticed a phantom
  2125 | D:2      | Found a glowing silver altar of Zin.
  2125 | D:2      | Found a burning altar of Makhleb.
  2137 | D:2      | Noticed a cacodemon
  2137 | D:2      | Noticed an angel
  2563 | D:2      | Reached skill level 4 in Transmutations
  2563 | D:2      | Reached XP level 4. HP: 15/32 MP: 1/7
  3601 | D:3      | Reached XP level 5. HP: 28/37 MP: 2/8
  3907 | D:3      | Reached skill level 5 in Transmutations
  4788 | D:2      | Killed a phantom
  4788 | D:2      | Reached skill level 6 in Transmutations
  4788 | D:2      | Reached XP level 6. HP: 5/43 MP: 0/10
  4795 | D:2      | Learned a level 5 spell: Blade Hands
  5732 | D:3      | Found an ornate altar of the Wu Jian Council.
  5732 | D:3      | Found a hazy altar of Hepliaklqana.
  5732 | D:3      | Found a basalt altar of Yredelemnul.
  5732 | D:3      | Found a stormy altar of Qazlal.
  5737 | D:3      | Became a worshipper of Hepliaklqana the Forgotten
  5746 | D:3      | Found a shattered altar of Ashenzari.
  5746 | D:3      | Found an iron altar of Okawaru.
  5965 | D:4      | Got a faintly humming ring mail
  5984 | D:4      | Found Qouxtisu's Food Shop.
  6103 | D:4      | Found a staircase to the Ecumenical Temple.
  6121 | Temple   | Entered the Ecumenical Temple
  6288 | D:4      | Identified the +1 ring mail of the Monkey {Dex+3} (You
                  | found it on level 4 of the Dungeon)
  6525 | D:5      | Entered Level 5 of the Dungeon
  6530 | D:5      | Noticed a phantom
  6697 | D:5      | HP: 1/38 [orc priest/divine providence (11)]
  7008 | D:5      | Reached skill level 7 in Transmutations
  7116 | D:5      | Killed a phantom
  7116 | D:5      | Reached XP level 7. HP: 13/43 MP: 7/11
  7383 | D:5      | Found a shadowy altar of Dithmenos.
  7411 | D:5      | Reached skill level 8 in Transmutations
  7439 | D:5      | Reached * piety under Hepliaklqana
  7486 | D:5      | Found a white marble altar of Elyvilon.
  7559 | D:5      | Found Ojazath's Food Shop.
  7649 | D:5      | Reached skill level 9 in Transmutations
  8665 | D:6      | Found a sacrificial altar of Ru.
  8718 | D:6      | Reached skill level 10 in Transmutations
  8718 | D:6      | Reached XP level 8. HP: 21/48 MP: 10/12
  9145 | D:6      | Reached skill level 11 in Transmutations
  9345 | D:6      | Reached ** piety under Hepliaklqana
  9346 | D:6      | Remembered your ancestor Mira as a hexer
  9681 | D:7      | Noticed Joseph
 10557 | D:7      | Reached skill level 1 in Invocations
 10704 | D:7      | Killed Joseph
 10704 | D:7      | Reached XP level 9. HP: 22/55 MP: 11/14
 11119 | D:7      | Reached skill level 5 in Unarmed Combat
 11210 | D:7      | Noticed Maggie
 11232 | D:7      | Killed Maggie
 11315 | D:7      | Noticed an orc knight
 11337 | D:7      | Killed an orc knight
 11337 | D:7      | Reached skill level 12 in Transmutations
 11510 | D:7      | Learned a level 4 spell: Ice Form
 11584 | D:7      | Noticed Prince Ribbit
 11591 | D:7      | Killed Prince Ribbit
 11651 | D:7      | Found a hide-covered altar of Uskayaw.
 11732 | D:7      | Noticed Harold
 11750 | D:7      | Killed Harold
 11750 | D:7      | Reached skill level 5 in Dodging
 11750 | D:7      | Reached skill level 1 in Ice Magic
 11750 | D:7      | Reached XP level 10. HP: 41/63 MP: 13/17
 12276 | D:7      | Reached skill level 5 in Spellcasting
 12597 | D:8      | Reached *** piety under Hepliaklqana
 12597 | D:8      | Noticed Gastronok
 12611 | D:8      | Killed Gastronok
 12611 | D:8      | Reached skill level 13 in Transmutations
 12611 | D:8      | Reached skill level 5 in Poison Magic
 12886 | D:8      | Noticed Erica
 12897 | D:8      | Killed Erica
 12897 | D:8      | Reached XP level 11. HP: 70/70 MP: 12/19
 13684 | D:9      | Found a runed translucent gate.
 13684 | D:9      | Found a runed translucent gate.
 13691 | D:9      | Found a runed translucent gate.
 13693 | D:9      | Noticed teukkam's ghost (amateur TrMo)
 13693 | D:9      | Noticed execc's ghost (novice OpBe)
 13824 | D:9      | Reached skill level 5 in Fighting
 14159 | D:9      | Found a staircase to the Lair.
 14395 | D:9      | Reached **** piety under Hepliaklqana
 14882 | D:10     | Entered Level 10 of the Dungeon
 14929 | D:10     | Noticed a two-headed ogre
 14939 | D:10     | Killed a two-headed ogre
 15009 | D:10     | Got a twisted rapier
 15749 | D:11     | Reached skill level 1 in Evocations
 15887 | D:11     | Reached skill level 5 in Invocations
 16469 | D:11     | Noticed Fannar
 17025 | D:11     | Killed Fannar
 17106 | D:11     | Found a radiant altar of Vehumet.
 17731 | D:11     | Noticed Snorg
 18002 | D:11     | Killed Snorg
 18002 | D:11     | Reached XP level 12. HP: 40/78 MP: 17/21
 18301 | D:11     | Got a fading ring mail
 18312 | D:11     | Identified the +2 ring mail of the Heavens {rElec} (You
                  | found it on level 11 of the Dungeon)
 18386 | D:11     | Noticed a two-headed ogre
 18500 | D:11     | Killed a two-headed ogre
 18696 | D:11     | Noticed Josephine
 18778 | D:11     | Reached skill level 14 in Transmutations
 18783 | D:11     | Killed Josephine
 18783 | D:11     | Reached skill level 1 in Armour
 18974 | D:11     | Noticed a two-headed ogre
 18985 | D:11     | Reached skill level 5 in Ice Magic
 19022 | D:11     | Killed a two-headed ogre
 19905 | D:12     | Noticed a centaur warrior
 19924 | D:12     | Killed a centaur warrior
 20555 | D:11     | HP: 2/80 [yak (7)]
 20647 | D:11     | Reached skill level 10 in Unarmed Combat
 21428 | D:12     | Reached XP level 13. HP: 85/85 MP: 20/23
 21654 | D:12     | Reached ***** piety under Hepliaklqana
 22157 | D:12     | Found a staircase to the Orcish Mines.
 22482 | Orc:1    | Entered Level 1 of the Orcish Mines
 22519 | Orc:1    | Noticed Sonja
 22726 | Orc:1    | Killed Sonja
 23949 | Orc:2    | Entered Level 2 of the Orcish Mines
 24063 | Orc:2    | Found a roughly hewn altar of Beogh.
 24204 | Orc:2    | Found a staircase to the Elven Halls.
 25948 | Orc:2    | Noticed an orc warlord
 25973 | Orc:2    | Killed an orc warlord
 25973 | Orc:2    | HP: 2/88 [shot self (12)]
 27538 | Orc:2    | Reached skill level 5 in Evocations
 27574 | Orc:2    | Found Xalel's Antique Armour Shop.
 27575 | Orc:2    | Found Ypod's Antique Weapon Shop.
 27576 | Orc:2    | Found Cutreeha's General Store.
 27576 | Orc:2    | Found Plog's Book Boutique.
 27603 | Orc:2    | Bought a book of Alchemy for 900 gold pieces
 27603 | Orc:2    | Bought a book of Spatial Translocations for 780 gold pieces
 27612 | Orc:2    | Bought an ancient robe for 165 gold pieces
 27622 | Orc:2    | Identified the cursed +1 robe "Gejiniun" {rPois Regen+
                  | Dex+2} (You bought it in a shop on level 2 of the Orcish
                  | Mines)
 27637 | Orc:2    | Learned a level 3 spell: Ignite Poison
 27644 | Orc:2    | Learned a level 6 spell: Eringya's Noxious Bog
 27735 | Orc:2    | Reached XP level 14. HP: 93/93 MP: 20/25
 28042 | Lair:1   | Entered Level 1 of the Lair of Beasts
 28434 | Lair:1   | HP: 4/94 [spiny frog (11)]
 28437 | Lair:1   | Slain by a spiny frog

Illustrated notes

Levels and vault maps discovered:
D:1:      giann_wishing_wells, layout_basic, minivault_25, minmay_circled_x
D:2:      layout_loops_ring, grunt_temple_overflow_order_and_chaos_2,
          minmay_circle_x
D:3:      layout_loops_corners, minmay_overflow_temple_hex, first_ration
D:4:      layout_rooms, minmay_temple_entry_offerings, serial_shops, shop
D:5:      layout_layer_cave, grunt_dithmenos_smoke, elyvilon_altar_3,
          serial_shops, shop
D:6:      layout_loops_cross, nicolae_ru_awakened_eye
D:7:      layout_gridville, kennysheep_mini_moat, minmay_three_doors,
          uniq_maggie, uniq_prince_ribbit1, uniq_joseph, uniq_harold
D:8:      layout_cave_pools, uniq_erica, uniq_gastronok
D:9:      corexii_shack_village, layout_irregular_city,
          grunt_lair_entry_orc_guard_hut, gammafunk_ghost_cemetery
D:10:     layout_loops_ring, hex_large, the_bakery, minmay_unpleasant_kobolds
D:11:     kennysheep_town, uniq_fannar, uniq_josephine, uniq_snorg
D:12:     layout_roguey, zombieorc2_lemuel
Temple:   eino_wide_crystal_templ
Lair:1:   layout_chaotic_city, eino_small_chamber_without_monster
Orc:1:    nicolae_orc_accident_1, layout_diamond_mine, uniq_sonja
Orc:2:    st_orc_congregation, layout_diamond_mine, basic_altar,
          nicolae_orc_damp_corner

Skill      XL: |  1  2  3  4  5  6  7  8  9 10 11 12 13 14 |
---------------+-------------------------------------------+-----
Transmutations | 3 4 6 7 10 11 12 13 14 | 14.8
Dodging        | 3 5 6 7 8 9 |  9.7
Poison Magic   | 1 2 3 4 5 6 |  6.5
Spellcasting   | 3 4 5 6 7 |  7.5
Unarmed Combat | 4 6 7 8 10 11 | 11.4
Fighting       | 2 3 4 5 6 7 8 |  8.0
Invocations    | 1 3 4 5 6 7 |  7.6
Ice Magic      | 1 3 4 5 6 |  6.9
Evocations     | 2 3 5 |  5.0
Armour         | 2 3 |  3.3
Fire Magic     | |  0.4

Action                   |  1- 3 |  4- 6 |  7- 9 | 10-12 | 13-15 || total
-------------------------+-------+-------+-------+-------+-------++-------
Melee: Unarmed           |   111 |   138 |   193 |   574 |   403 ||  1419
       Headbutt          |    16 |     9 |     3 |    19 |     2 ||    49
       Punch             |     1 |     1 |     1 |     5 |     8 ||    16
       Tailslap          |       |       |       |    10 |       ||    10
Throw: Boomerang         |     5 |    12 |     1 |       |       ||    18
       Dart              |     6 |    50 |    47 |    39 |     2 ||   144
 Cast: Beastly Appendage |    26 |    29 |    12 |    23 |     7 ||    97
       Sticks to Snakes  |     5 |    17 |     1 |       |       ||    23
       Spider Form       |       |    10 |    23 |    29 |     5 ||    67
       Blade Hands       |       |       |     2 |    27 |    46 ||    75
       Ice Form          |       |       |       |     6 |     2 ||     8
       Eringya's Noxious |       |       |       |       |     2 ||     2
       Ignite Poison     |       |       |       |       |     1 ||     1
Invok: Recall Ancestor   |       |     2 |     3 |     8 |     7 ||    20
       Ancestor Life: He |       |       |     1 |       |       ||     1
       Ancestor Identity |       |       |     1 |       |       ||     1
Evoke: Wand              |       |       |     4 |    21 |    15 ||    40
       Tin of tremorston |       |       |       |       |     1 ||     1
  Use: Scroll            |     4 |     5 |     2 |    11 |     5 ||    27
       Potion            |       |     3 |     3 |     3 |     4 ||    13
 Stab: Sleeping          |     1 |       |     1 |     1 |       ||     3
       Distracted        |       |     2 |     2 |    12 |     6 ||    22
       Confused          |       |       |    10 |    11 |     9 ||    30
       Invisible         |       |       |       |     2 |     2 ||     4
  Eat: Chunk             |     5 |    14 |    13 |    34 |    30 ||    96
       Ration            |       |     1 |     1 |     2 |     3 ||     7
Armor: Robe              |    15 |     8 |     5 |       |     2 ||    30
       Skin              |       |       |    15 |    22 |     1 ||    38
       Steam dragon scal |       |       |       |    66 |    50 ||   116
Dodge: Dodged            |    76 |   101 |   135 |   444 |   243 ||   999
